 Dungeon Crawl Stone Soup version 0.28-a0-925-gd5e1996cdb (webtiles) character file.

Game seed: 10234121852328506273

214 Froggeryz the Ruffian (level 5, 0/31 HPs)
             Began as a Gargoyle Transmuter on Nov 26, 2021.
             Slain by an iguana (5 damage)
             ... on level 4 of the Dungeon.
             The game lasted 00:04:33 (4368 turns).

Froggeryz the Ruffian (Gargoyle Transmuter)         Turns: 4368, Time: 00:04:33

Health: 0/31       AC: 10    Str: 11 (14) XL:     5   Next: 91%
Magic:  8/8        EV:  8    Int: 11 (14) God:
Gold:   195        SH:  0    Dex:  8 (10) Spells: 7/8 levels left

rFire   . . .      SeeInvis .     - Unarmed
rCold   . . .      Faith    .   (no shield)
rNeg    + . .      Spirit   .   c - +0 scale mail
rPois   ∞          Reflect  .   (no helmet)
rElec   +          Harm     .   (no cloak)
rCorr   .          Rampage  .   (no gloves)
Will    +....                   (no boots)
Stlth   ..........              (no amulet)
HPRegen 0.10/turn               e - ring of willpower
MPRegen 0.11/turn               (no ring)

@: no status effects
A: sickness immunity, AC +4, negative energy resistance 1, electricity
resistance, torment resistance 1, petrification resistance
a: no special abilities


You were on level 4 of the Dungeon.
You visited 1 branch of the dungeon, and saw 4 of its levels.

You collected 195 gold pieces.

Inventory:

Missiles
 l - 11 poisoned darts (quivered)
Armour
 c - a +0 scale mail (worn)
Jewellery
 e - a ring of willpower (left hand)
 g - an amulet of faith
Scrolls
 d - 2 scrolls of immolation
 f - 2 scrolls of teleportation {unknown}
Potions
 a - a potion of flight
 b - a potion of mutation {unknown}
 h - a potion of resistance


   Skills:
 + Level 2.5 Fighting
 - Level 2.2 Armour
 - Level 1.5 Dodging
 * Level 5.5 Unarmed Combat
 - Level 2.0 Spellcasting
 - Level 1.5 Transmutations


You had 7 spell levels left.
You knew the following spells:

 Your Spells              Type           Power      Damage    Failure   Level
a - Beastly Appendage     Tmut           8%         N/A       65%         1

Your spell library contained the following spells:

 Spells                   Type           Power      Damage    Failure   Level
 Wereblood                Tmut           4%         N/A       80%         2
 Spider Form              Tmut/Pois      2%         N/A       98%         3
 Ice Form                 Ice/Tmut       2%         N/A       100%        4


Dungeon Overview and Level Annotations

Branches:
Dungeon (4/15)
 Temple: D:4-7

Altars:
Gozag
Kikubaaqudgha

Shops:
D:1 ?

Annotations:
D:4 Grinder


Innate Abilities, Weirdness & Mutations

You are immune to sickness and miasma.
Your stone body is resilient. (AC +4)
You are immune to poison.
You resist negative energy. (rN+)
You are resistant to electric shocks. (rElec)
You are resistant to unholy torment.
You are immune to petrification.


Message History

The iguana is heavily wounded.
The iguana barely misses you.
You punch the iguana!
The iguana is almost dead.
The iguana barely misses you.
You hit the iguana but do no damage.
The iguana is almost dead.
The iguana bites you but does no damage.
You hit the iguana but do no damage.
The iguana is almost dead.
The iguana bites you.
You are too injured to fight recklessly!
You are too injured to fight recklessly!
You are too injured to fight recklessly!
You are too injured to fight recklessly!
You are too injured to fight recklessly!
You are too injured to fight recklessly!
You are too injured to fight recklessly!
You are too injured to fight recklessly!
You are too injured to fight recklessly!
You are too injured to fight recklessly!
You barely miss the iguana.
The iguana is almost dead.
The iguana barely misses you.
You closely miss the iguana.
The iguana is almost dead.
You hit the iguana.
The iguana is almost dead.
The iguana bites you but does no damage.
You hit the iguana but do no damage.
The iguana is almost dead.
The iguana completely misses you.
You closely miss the iguana.
The iguana is almost dead.
The iguana bites you!
* * * LOW HITPOINT WARNING * * *
You barely miss the iguana.
The iguana is almost dead.
The iguana bites you.
You die...

#.. ... # # #[. ....
##... # # ... ##.# ...#
###. # .#. ..>. .... #
...###..# #####..#####
......).## .. .......##
....?.... .#(. #....
.......l####... ##.##
.......@.....# #.##
..##...$.#..#########...
..........#.<......>....
......#............)..#.
###...#.....##.##.....##
....###...?...##.....##
..#.. #.....#####.....##
(.......###.# ########
##...#. #.# #


You could see an iguana.

Vanquished Creatures
  A jelly (D:4)
  Jessica (D:2)
  5 gnolls
  2 adders
  2 ufetubi (D:4)
  An adder skeleton (D:4)
  A dart slug (D:2)
  2 orcs
  6 endoplasms
  2 giant cockroaches (D:1)
  9 goblins
  6 hobgoblins
  7 jackals
  2 quokkas
  9 ball pythons
  4 bats
  2 frilled lizards
  9 kobolds
  8 rats
79 creatures vanquished.

Notes
Turn   | Place    | Note
-------+----------+-------------------------------------------
     0 | D:1      | Froggeryz the Gargoyle Transmuter began the quest for the
                  | Orb.
     0 | D:1      | Reached XP level 1. HP: 12/12 MP: 3/3
   263 | D:1      | Reached skill level 1 in Armour
   263 | D:1      | Reached XP level 2. HP: 15/16 MP: 3/5
   587 | D:1      | Found Qacvir's Magic Scroll Shoppe.
   619 | D:1      | Reached XP level 3. HP: 16/20 MP: 6/6
  1092 | D:1      | Found a faded altar of an unknown god.
  1123 | D:1      | Reached skill level 4 in Unarmed Combat
  1817 | D:2      | Noticed Jessica
  1853 | D:2      | Killed Jessica
  1854 | D:2      | Reached XP level 4. HP: 11/25 MP: 7/7
  2620 | D:3      | Found an ancient bone altar of Kikubaaqudgha.
  2770 | D:3      | Reached XP level 5. HP: 26/29 MP: 8/8
  3440 | D:4      | Found an opulent altar of Gozag.
  3491 | D:4      | Noticed Grinder
  3497 | D:4      | Reached skill level 5 in Unarmed Combat
  4368 | D:4      | Slain by an iguana

Illustrated notes

Levels and vault maps discovered:
D:1:      co_arrival_square_in_a_square_in_a_square, layout_basic, serial_shops,
          shop, nicolae_ecumenical_snake_handling
D:2:      layout_rooms, serial_glass, glass_columns_a, glass_columns_a,
          glass_columns_b, glass_columns_a, glass_columns_c, glass_columns_b,
          glass_columns_a, glass_columns_a, item_on_display_a, uniq_jessica
D:3:      layout_basic, mainiacjoe_overflow_small_starburst, serial_curves,
          eino_curves_03, eino_curves_04, eino_curves_04, eino_curves_03
D:4:      layout_rooms, grunt_gozag_breadcrumbs, mainiacjoe_overflow_chevrons,
          uniq_grinder

Skill      XL: |  1  2  3  4  5 |
---------------+----------------+-----
Armour         | 1 2 |  2.2
Unarmed Combat | 4 5 |  5.5
Fighting       | 2 |  2.5
Dodging        | |  1.5
Spellcasting   | |  2.0
Transmutations | |  1.5

Action                   |  1- 3 |  4- 6 || total
-------------------------+-------+-------++-------
Melee: Unarmed           |   138 |   231 ||   369
       Punch             |     2 |     3 ||     5
       Kick              |     1 |       ||     1
Throw: Dart              |       |     2 ||     2
 Cast: Beastly Appendage |     1 |       ||     1
  Use: Scroll            |     3 |     4 ||     7
       Potion            |     1 |     5 ||     6
Armor: Ring mail         |     4 |       ||     4
       Scale mail        |    62 |   133 ||   195
       Skin              |       |     3 ||     3
Dodge: Dodged            |    71 |   104 ||   175

Table legend: (Time is in decaauts)
 A = Elapsed time spent in this place.
 B = Non-inter-level travel time spent in this place.
 C = Inter-level travel time spent in this place.
 D = Time resting spent in this place.
 E = Time spent auto-exploring this place.
 F = Levels seen in this place.
 G = Mean time per level.
                   A        B        C        D        E       F      G
               +--------+--------+--------+--------+--------+-----+--------+
         Total |   4337 |   4212 |    125 |   1439 |   2076 |   4 | 1084.2 |
       Dungeon |   4337 |   4212 |    125 |   1439 |   2076 |   4 | 1084.2 |
               +--------+--------+--------+--------+--------+-----+--------+

Top non-repeatable levels by time:
     D:1: 1550 daAuts
     D:3: 1087 daAuts
     D:2: 954 daAuts
     D:4: 745 daAuts
